 Dungeon Crawl Stone Soup version bcrawl-1.19.1 (webtiles) character file.

Game seed: 13217584083026646288

20572 Morbidden the Severer (level 12, -1/107 HPs)
             Began as a Minotaur Archaeologist on Nov 25, 2019.
             Was the Champion of Cheibriados.
             Slain by a reaper
             ... wielding a +0 scythe of freezing
              (3 damage)
             ... in an ice cave.
             The game lasted 00:21:17 (10224 turns).

Morbidden the Severer (Minotaur Archaeologist)     Turns: 10224, Time: 00:21:17

Health: -1/107     AC: 16    Str: 34    XL:     12   Next: 46%
Magic:  25/25      EV: 18    Int: 26    God:    Cheibriados [******]
Gold:   1299       SH:  0    Dex: 26    Spells: 11/11 levels left

rFire    + + .     SeeInvis .   f - +8 frozen axe "Frostbite" {freezing cloud, *Noise +Fly rC+}
rCold    + . .     Gourm    .   (shield currently unavailable)
rNeg     . . .     Faith    .   A - +3 ring mail {rF+}
rPois    +         Spirit   .   K - +1 hat
rElec    .         Reflect  .   h - +2 cloak
rCorr    .         Harm     .   (no gloves)
MR       .....                  d - +1 pair of boots
Stlth    +++.......             (no amulet)
HPRegen  0.27/turn              z - ring of poison resistance
MPRegen  0.19/turn              N - ring "Xegao" {rF+ MP+9}

@: about to teleport, very slow
A: retaliatory headbutt, horns 2
a: Bend Time, Temporal Distortion, Slouch, Step From Time, Renounce Religion,
Evoke Flight


You were in an ice cave.
You worshipped Cheibriados.
Cheibriados was exalted by your worship.
You were hungry.

You visited 1 branch of the dungeon, and saw 12 of its levels.
You also visited: Ossuary and Ice Cave.

You collected 1299 gold pieces.

Inventory:

Hand Weapons
 f - the +8 frozen axe "Frostbite" (weapon) {freezing cloud, *Noise +Fly rC+}

   It has been specially enchanted to freeze those struck by it, causing extra
   injury to most foes and up to half again as much damage against particularly
   susceptible opponents.
   It can also slow down cold-blooded creatures.
   It protects you from cold.
   It lets you fly.
   It may make noises in combat.
Missiles
 i - a throwing net (quivered) {!f}
Armour
 c - a +1 hat
 d - a +1 pair of boots (worn)
 h - a +2 cloak (worn)
 A - a +3 ring mail of fire resistance (worn)
 H - a +0 chain mail
 K - a +1 hat (worn)
Jewellery
 z - a ring of poison resistance (left hand)
 E - an uncursed ring of insulation
 F - an uncursed ring of flight
 N - the ring "Xegao" (right hand) {rF+ MP+9}
   (You found it on level 10 of the Dungeon)

   [ring of magical power]

   It protects you from fire.
   It affects your magic capacity (+9).
Wands
 r - a wand of polymorph (16)
 J - a wand of enslavement (9)
 L - a wand of flame (33)
 R - a wand of iceblast (8)
Scrolls
 b - 3 scrolls of fog
 j - 3 scrolls of identify
 l - 8 scrolls of remove curse
 p - 2 scrolls of enchant armour {unknown}
 t - 2 scrolls of teleportation
 u - 3 scrolls of amnesia {unknown}
 v - a scroll of fear
 w - 2 scrolls of immolation {unknown}
 y - a scroll of noise {unknown}
 B - 2 scrolls of enchant weapon {unknown}
 I - a scroll of magic mapping
 M - 2 scrolls of blinking {unknown}
 O - a scroll of acquirement {unknown}
Potions
 a - 2 potions of ambrosia
 e - 2 potions of lignification
 k - 5 potions of curing
 m - 5 potions of might
 n - a potion of haste {unknown}
 x - a potion of invisibility
 C - 2 potions of resistance
 D - 2 potions of brilliance
 G - a potion of mutation {unknown}
 P - a potion of cancellation {unknown}
Comestibles
 g - 23 rations {!d}


   Skills:
 * Level 10.4 Fighting
 * Level 17.5 Axes
   Level 1.5(11.9) Maces & Flails
 * Level 6.9 Armour
 * Level 6.9 Dodging
 + Level 4.5 Stealth
   Level 1.7 Shields
 * Level 7.1 Invocations


You had 11 spell levels left.
You didn't know any spells.
Your spell library contained the following spells:

 Spells                   Type           Power        Failure   Level  Hunger
 Shock                    Conj/Air       #....        17%         1    ##.....
 Summon Small Mammal      Summ           #...         17%         1    ##.....
 Call Imp                 Summ           #.....       26%         2    ###....
 Swiftness                Chrm/Air       #.......     26%         2    ###....
 Call Canine Familiar     Summ           #.......     45%         3    ####...
 Static Discharge         Air            #.......     45%         3    ####...
 Airstrike                Air            #.........   86%         4    #####..
 Summon Ice Beast         Ice/Summ       #.......     86%         4    #####..
 Lightning Bolt           Conj/Air       #.........   99%         5    ######.
 Summon Lightning Spire   Summ/Air       #.......     99%         5    ######.


Dungeon Overview and Level Annotations

Branches:
Dungeon (12/12)            Temple (0/1) D:4            Lair (0/6) D:7
    Orc (0/1) D:11
 Vaults: D:11-12     Depths: D:12

Altars:
Cheibriados
Elyvilon
Kikubaaqudgha
Lugonu
Okawaru
Qazlal
Ru
Beogh

Shops:
D:10 [


Innate Abilities, Weirdness & Mutations

You reflexively headbutt those who attack you in melee.
You have a pair of horns on your head.


Message History

Unknown command.
Unknown command.
Unknown command.
You feel much better.
Unknown command.
Okay, then.
As you read the scroll of teleportation, it crumbles to dust.
You feel strangely unstable.
The reaper hits you with a +0 scythe of freezing!!
* * * LOW HITPOINT WARNING * * *
The reaper freezes you.
* * * LOW HITPOINT WARNING * * *
Unknown command.
Unknown command.
Unknown command.
You hit the reaper but do no damage.
The reaper hits you with a +0 scythe of freezing!!
* * * LOW HITPOINT WARNING * * *
The reaper freezes you.
You die...

##...### ####
###...###### #
##§§§§...#
###§§§§☼....
###§§§§≈§...##
##.§☼○§°####..#
##...○§☼.# .....
##....≈§§##.....5
#....@..##§...§.
##....2...§..#
##.....###..#
###..#.....#
####.....#
###...... ##....
#.# §


You could see a reaper.

Vanquished Creatures
  3 two-headed ogres
  A tengu warrior (D:12)
  Sonja (D:10)
  2 unseen horrors
  An orc knight (D:9)
  A cyclops (D:10)
  2 manticores
  An ugly thing (D:12)
  2 deep elf magi
  2 centaur zombies
  2 ice statues (IceCv)
  A gargoyle (D:12)
  8 ice devils (IceCv)
  4 trolls
  3 slime creatures (D:10)
  A hornet (D:11)
  A hippogriff (D:9)
  A shadow (D:11)
  7 yaks
  3 hungry ghosts
  3 wargs (D:7)
  A crocodile (D:11)
  A water moccasin (D:10)
  A hornet zombie (D:11)
  4 orc warriors
  A sky beast (D:10)
  A black bear (D:8)
  2 ice beasts
  2 phantoms
  6 ogres
  2 centaurs
  6 bullfrogs
  3 big kobolds
  A wyvern zombie (D:9)
  A water moccasin skeleton (D:8)
  6 scorpions
  8 killer bees (D:10)
  3 howler monkeys
  15 wights
  3 bullfrog zombies
  3 crimson imps
  4 hounds
  3 centaur skeletons
  11 orc priests
  A bullfrog skeleton (D:5)
  15 orc wizards
  3 iguanas
  3 worker ants
  A hound zombie (D:8)
  A hound skeleton (D:7)
  8 mummies (Ossuary)
  A howler monkey zombie (D:5)
  2 worker ant zombies (D:5)
  4 gnolls (D:7)
  A howler monkey skeleton (D:8)
  13 adders
  A shadow imp (D:11)
  23 white imps
  6 ufetubi (IceCv)
  3 oozes
  4 worms
  3 dart slugs (D:1)
  3 leopard geckos
  57 orcs
  4 bats
  A giant cockroach (D:1)
  2 gnoll zombies (Ossuary)
  10 goblins
  8 hobgoblins
  3 jackals (D:3)
  3 quokkas
  A ball python zombie (D:1)
  7 frilled lizards
  A giant cockroach zombie (D:1)
  3 hobgoblin zombies (Ossuary)
  19 kobolds
  A kobold zombie (Ossuary)
  A leopard gecko skeleton (D:6)
  2 orc zombies (Ossuary)
  8 rats
365 creatures vanquished.

Vanquished Creatures (others)
  3 white imps (IceCv)
  An ufetubus (IceCv)
  A plant (D:9)
5 creatures vanquished.

Grand Total: 370 creatures vanquished

Notes
Turn   | Place    | Note
-------+----------+-------------------------------------------
     0 | D:1      | Morbidden the Minotaur Archaeologist began the quest for
                  | the Orb.
     0 | D:1      | Reached XP level 1. HP: 16/16 MP: 0/0
   209 | D:1      | Reached XP level 2. HP: 22/23 MP: 1/1
   697 | D:1      | Reached XP level 3. HP: 28/29 MP: 2/2
  1193 | D:2      | Reached skill level 1 in Axes
  1245 | D:2      | Reached skill level 2 in Axes
  1245 | D:2      | Reached XP level 4. HP: 32/36 MP: 3/3
  1333 | D:2      | Reached skill level 3 in Axes
  1538 | D:3      | Found a snail-covered altar of Cheibriados.
  1547 | D:3      | Became a worshipper of Cheibriados the Contemplative
  1688 | D:3      | Reached skill level 4 in Axes
  2028 | D:3      | Reached XP level 5. HP: 34/42 MP: 4/4
  2210 | D:3      | Found a stormy altar of Qazlal.
  2211 | D:3      | Found an ancient bone altar of Kikubaaqudgha.
  2230 | D:3      | Reached * piety under Cheibriados
  2478 | D:4      | Found an iron altar of Okawaru.
  2589 | D:4      | Reached skill level 5 in Axes
  2589 | D:4      | Reached skill level 1 in Shields
  2822 | D:4      | Found a staircase to the Ecumenical Temple.
  2901 | D:5      | Entered Level 5 of the Dungeon
  2940 | D:5      | Noticed an ogre
  2945 | D:5      | Noticed an ogre
  2949 | D:5      | Reached skill level 1 in Armour
  2949 | D:5      | Reached skill level 1 in Invocations
  2978 | D:5      | Killed an ogre
  2978 | D:5      | Reached skill level 6 in Axes
  2978 | D:5      | Reached XP level 6. HP: 38/51 MP: 4/6
  3019 | D:5      | Found a sand-covered staircase.
  3023 | Ossuary  | Entered an ossuary
  3040 | Ossuary  | Reached skill level 7 in Axes
  3425 | D:5      | Reached XP level 7. HP: 57/57 MP: 7/7
  3461 | D:5      | Reached skill level 8 in Axes
  3463 | D:5      | Reached ** piety under Cheibriados
  3700 | D:5      | Reached skill level 9 in Axes
  3749 | D:5      | Reached XP level 8. HP: 66/66 MP: 8/8
  3860 | D:5      | Reached skill level 10 in Axes
  4259 | D:6      | Found a white marble altar of Elyvilon.
  4392 | D:6      | Reached *** piety under Cheibriados
  4524 | D:6      | Reached skill level 5 in Fighting
  4647 | D:7      | Reached skill level 11 in Axes
  4725 | D:7      | Got a warped tin ring
  4727 | D:7      | Identified the ring "Jopnead" {rElec Str+4 Dex-5} (You
                  | found it on level 7 of the Dungeon)
  4879 | D:7      | Reached XP level 9. HP: 75/75 MP: 10/10
  5136 | D:7      | Found a staircase to the Lair.
  5163 | D:7      | Reached skill level 12 in Axes
  5167 | D:7      | Reached **** piety under Cheibriados
  5427 | D:7      | Reached skill level 5 in Dodging
  5993 | D:8      | Noticed a two-headed ogre
  5998 | D:8      | Killed a two-headed ogre
  5998 | D:8      | Reached skill level 13 in Axes
  5998 | D:8      | Reached XP level 10. HP: 72/86 MP: 12/12
  6062 | D:8      | Reached ***** piety under Cheibriados
  6425 | D:8      | Reached skill level 5 in Invocations
  6676 | D:8      | Reached skill level 14 in Axes
  6751 | D:8      | Got a scorched dagger
  6752 | D:8      | Identified the +7 dagger of Tusuosch {freeze, Int+4} (You
                  | found it on level 8 of the Dungeon)
  6794 | D:8      | Found a sacrificial altar of Ru.
  7119 | D:9      | Noticed an orc knight
  7125 | D:9      | Killed an unseen horror
  7127 | D:9      | Killed an orc knight
  7127 | D:9      | Reached skill level 15 in Axes
  7463 | D:9      | Noticed a deep elf mage
  7468 | D:9      | Killed a deep elf mage
  7634 | D:9      | Found a corrupted altar of Lugonu.
  7819 | D:10     | Entered Level 10 of the Dungeon
  7819 | D:10     | Noticed a two-headed ogre
  7820 | D:10     | Killed a two-headed ogre
  7820 | D:10     | Reached skill level 5 in Armour
  7820 | D:10     | Reached XP level 11. HP: 95/95 MP: 14/14
  7827 | D:10     | Got a steaming turquoise ring
  7829 | D:10     | Identified the ring "Xegao" {rF+ MP+9} (You found it on
                  | level 10 of the Dungeon)
  7921 | D:10     | Noticed a cyclops
  7924 | D:10     | Reached ****** piety under Cheibriados
  7925 | D:10     | Found Igaemet's Armour Boutique.
  7928 | D:10     | Killed a cyclops
  8230 | D:10     | Noticed Sonja
  8231 | D:10     | Killed Sonja
  8386 | D:10     | Reached skill level 16 in Axes
  8576 | D:10     | Killed an unseen horror
  9026 | D:11     | Found a staircase to the Orcish Mines.
  9084 | D:11     | Noticed a two-headed ogre
  9089 | D:11     | Killed a two-headed ogre
  9112 | D:11     | Reached skill level 10 in Fighting
  9217 | D:11     | Reached XP level 12. HP: 104/106 MP: 15/15
  9646 | D:11     | Found a roughly hewn altar of Beogh.
  9752 | D:12     | Entered Level 12 of the Dungeon
  9804 | D:12     | Noticed a tengu warrior
  9806 | D:12     | Found a frozen archway.
  9808 | D:12     | Killed a tengu warrior
  9812 | D:12     | Reached skill level 17 in Axes
  9851 | IceCv    | Entered an ice cave
 10191 | IceCv    | Noticed a reaper
 10224 | IceCv    | HP: 2/107 [reaper/+0 scythe of freezing (24)]
 10224 | IceCv    | Slain by a reaper

Skill      XL: |  1  2  3  4  5  6  7  8  9 10 11 12 |
---------------+-------------------------------------+-----
Stealth        | 3 4 |  4.5
Dodging        | 4 5 6 |  6.9
Fighting       | 2 3 4 5 7 8 10 | 10.4
Axes           | 2 4 6 7 9 11 13 15 16 17 | 17.5
Shields        | 1 |  1.7
Armour         | 1 3 4 5 6 |  6.9
Invocations    | 1 2 3 4 5 6 7 |  7.1
Maces & Flails | |  1.5

Action                   |  1- 3 |  4- 6 |  7- 9 | 10-12 || total
-------------------------+-------+-------+-------+-------++-------
Melee: Whip              |    63 |       |       |       ||    63
       Headbutt          |    12 |    33 |    27 |    52 ||   124
       Hand axe          |    60 |    23 |       |       ||    83
       War axe           |       |   133 |    17 |       ||   150
       Executioner's axe |       |       |   116 |   249 ||   365
  Use: Potion            |       |     2 |       |     5 ||     7
       Scroll            |       |     8 |     1 |    11 ||    20
 Stab: Sleeping          |     2 |     3 |     2 |    10 ||    17
       Distracted        |       |       |     1 |     2 ||     3
  Eat: Chunk             |     1 |     5 |     6 |     8 ||    20
Armor: Robe              |    42 |    20 |       |       ||    62
       Scale mail        |       |    15 |       |       ||    15
       Ring mail         |       |    30 |    46 |    85 ||   161
Dodge: Dodged            |    82 |    54 |    92 |   238 ||   466
Block: Shield            |    18 |    56 |     7 |       ||    81
